Harfangs vs Thunder
(R1)
Created - March 13, 2018 at 19:02
Goals
|
Harfangs |
0 |
1 |
3 |
0 |
2 |
4 |
Thunder |
3 |
0 |
1 |
0 |
3 |
5 |
|
Shots
|
Harfangs |
14 |
10 |
14 |
2 |
9 |
40 |
Thunder |
15 |
3 |
11 |
1 |
9 |
30 |
|
1st period
1. Thunder , Scott Parse 28 (Jay Beagle 16, David Fischer 41) at 0:33
2. Thunder , David Wolf 7 (David Fischer 42) at 12:39
3. Thunder , Scott Parse 29 (David Fischer 43, Ryan Nugent-Hopkins 43) at 13:58
Penalties :
Daultan Leveillé (TRO) for Tripping (Minor) at 0:51, Mark Alt (BEA) for Slashing (Minor) at 4:51, Jay Beagle (TRO) for Hooking (Minor) at 14:19, Vojtech Polak (BEA) for Tripping (Minor) at 17:40
2nd period
4. Harfangs , Vojtech Polak 25 (Tomas Kubalik 33, Victor Bartley 25) at 6:30 (PP)
Penalties :
Scott Parse (TRO) for Holding (Minor) at 0:17, Zach Redmond (TRO) for Delaying the game (Minor) at 6:19, Zach Redmond (TRO) for High sticking (Minor) at 9:29, Calle Jarnkrok (BEA) for Interference (Minor) at 16:36, Brandon Pirri (BEA) for Hooking (Minor) at 18:47
3rd period
5. Harfangs , Dennis Everberg 6 (Dustin Jeffrey 19, Nathan Beaulieu 35) at 0:55
6. Harfangs , Brandon Pirri 11 (Dustin Jeffrey 20, Calle Jarnkrok 33) at 12:09
7. Thunder , Ryan Nugent-Hopkins 14 (David Fischer 44) at 13:20
8. Harfangs , Victor Bartley 6 (Vojtech Polak 29, Tomas Kubalik 34) at 19:51
Penalties :
Calle Jarnkrok (BEA) for Interference (Minor) at 6:59, Zach Stepan (TRO) for Hooking (Minor) at 14:23, Andreas Martinsen (BEA) for Hooking (Minor) at 16:54, Brandon Saad (BEA) for Cross-checking (Minor) at 19:58
Overtime #1
No Goal
Penalties :
No Penalty
Shootout
Penalty Shot by Dustin Jeffrey for Harfangs - Stopped by Jake Allen
Penalty Shot by Ryan Nugent-Hopkins for Thunder - Stopped by Andrew Hammond
Penalty Shot by Vojtech Polak for Harfangs - Stopped by Jake Allen
Penalty Shot by Scott Parse for Thunder - Stopped by Andrew Hammond
Penalty Shot by Tomas Kubalik for Harfangs - Goal!
Penalty Shot by Adam Hall for Thunder - Goal!
Penalty Shot by Michal Repik for Harfangs - Stopped by Jake Allen
Penalty Shot by Dany Roussin for Thunder - Stopped by Andrew Hammond
Penalty Shot by Brandon Pirri for Harfangs - Goal!
Penalty Shot by Daultan Leveillé for Thunder - Goal!
Penalty Shot by Boone Jenner for Harfangs - Stopped by Jake Allen
Penalty Shot by Jay Beagle for Thunder - Stopped by Andrew Hammond
Penalty Shot by Angelo Esposito for Harfangs - Stopped by Jake Allen
Penalty Shot by Thomas Spelling for Thunder - Stopped by Andrew Hammond
Penalty Shot by Victor Bartley for Harfangs - Shot Misses the Net
Penalty Shot by Joey Ryan for Thunder - Shot Misses the Net
Penalty Shot by Dennis Everberg for Harfangs - Stopped by Jake Allen
Penalty Shot by David Fischer for Thunder - Goal!
Penalties :
No Penalty
Goalie Stats
Andrew Hammond (BEA), 26 saves from 30 shots - (0.867), OTL, 26-16-3, 64:16 minutes
Jake Allen (TRO), 36 saves from 40 shots - (0.900), W, 4-6-0, 65:00 minutes
Players Stats for Harfangs
Player Name G A P +/- PIM S H SB GA TA FO MP PP MP PK MP
------------------------------------------------------------------------------------
Alex Plante 0 0 0 1 0 0 0 1 0 0 0/0 4:44 0:00 0:00
Andreas Martinsen 0 0 0 0 2 1 1 0 0 0 0/1 9:58 0:00 2:25
Angelo Esposito 0 0 0 0 0 0 0 0 0 0 1/1 6:36 0:00 0:07
Boone Jenner 0 0 0 -1 0 0 3 0 0 0 6/8 12:43 0:00 3:52
Brandon Pirri 1 0 1 1 2 2 2 0 0 0 0/1 15:14 4:27 0:00
Brandon Saad 0 0 0 -1 2 0 1 1 0 0 0/1 9:12 0:00 0:24
Brenden Kichton 0 0 0 0 0 0 0 0 0 0 0/0 0:10 0:00 0:00
Brian Lashoff 0 0 0 0 0 3 2 1 2 2 0/0 30:09 6:36 8:06
Calle Jarnkrok 0 1 1 1 4 2 2 0 0 0 5/9 15:08 4:27 0:00
Cody Eakin 0 0 0 -1 0 2 2 1 0 0 12/28 14:16 4:17 2:24
Cristoval Nieves 0 0 0 0 0 0 1 0 0 0 5/11 6:58 0:00 5:57
Dennis Everberg 1 0 1 -1 0 5 0 0 1 1 0/0 8:48 0:22 0:00
Dustin Jeffrey 0 2 2 1 0 2 2 1 1 0 0/0 17:47 4:27 2:30
Dylan Olsen 0 0 0 -1 0 2 0 1 0 0 0/0 21:31 3:30 5:47
Jake Dotchin 0 0 0 0 0 0 0 0 0 0 0/0 0:10 0:00 0:00
Joel Armia 0 0 0 0 0 1 0 0 0 0 3/8 6:43 0:58 0:00
Mark Alt 0 0 0 -1 2 1 0 0 0 0 0/0 8:27 0:00 0:00
Michal Repik 0 0 0 0 0 2 0 0 0 0 0/0 6:29 0:00 0:00
Nathan Beaulieu 0 1 1 -1 0 5 0 2 0 0 0/0 21:31 3:30 5:47
Nick Holden 0 0 0 -1 0 0 1 0 0 0 0/0 8:26 0:00 0:00
Reid McNeill 0 0 0 1 0 0 0 0 0 0 0/0 4:44 0:00 0:00
Sebastian Wannstrom 0 0 0 0 0 0 1 0 0 0 0/0 1:57 0:46 0:00
Tomas Kubalik 0 2 2 -1 0 6 2 0 1 0 0/2 20:00 5:17 2:30
Victor Bartley 1 1 2 0 0 2 5 0 0 0 0/0 30:09 6:36 8:06
Vojtech Polak 1 1 2 -1 2 4 2 0 1 0 0/0 24:10 5:17 5:39
Players Stats for Thunder
Player Name G A P +/- PIM S H SB GA TA FO MP PP MP PK MP
------------------------------------------------------------------------------------
Adam Hall 0 0 0 0 0 4 1 0 0 0 1/1 19:18 5:34 2:30
Austin Wuthrich 0 0 0 0 0 0 0 0 0 0 0/0 0:00 0:00 0:00
Dany Roussin 0 0 0 -1 0 3 2 0 0 0 0/0 22:50 5:34 4:00
Daultan Leveillé 0 0 0 -1 2 2 5 1 0 1 14/25 22:50 5:34 4:26
David Fischer 0 4 4 1 0 2 1 1 0 2 0/0 31:55 7:50 6:02
David Wolf 1 0 1 0 0 1 3 0 0 0 0/0 18:17 6:11 0:55
Dougie Hamilton 0 0 0 0 0 0 0 0 0 0 0/0 1:09 0:00 0:11
Gianluca Curcuruto 0 0 0 0 0 0 1 1 0 0 0/0 10:51 0:00 0:50
Jared Staal 0 0 0 -1 0 0 0 0 1 0 1/1 10:56 0:00 2:07
Jay Beagle 0 1 1 3 2 0 0 0 0 1 1/1 10:42 0:00 0:00
Joe Labate 0 0 0 -1 0 0 0 0 0 0 2/6 7:00 0:00 0:00
Joey Ryan 0 0 0 1 0 2 1 1 1 1 0/0 31:36 7:50 5:51
Mikko Vainonen 0 0 0 0 0 0 1 1 0 0 0/0 10:37 0:00 0:00
Nikolay Prokhorkin 0 0 0 0 0 0 0 0 0 0 0/0 0:34 0:00 0:00
Peter Andersson 0 0 0 0 0 2 1 2 0 1 0/0 22:28 4:05 4:04
Ryan Nugent-Hopkins 1 1 2 3 0 4 1 1 1 0 18/30 19:20 6:12 1:38
Scott Parse 2 0 2 1 2 8 1 2 0 0 0/2 28:52 6:21 4:25
Thomas Spelling 0 0 0 0 0 1 0 1 0 0 0/0 9:08 0:10 0:00
Zach Redmond 0 0 0 0 4 1 0 1 0 0 0/0 21:47 4:05 3:14
Zach Stepan 0 0 0 0 2 0 1 0 0 0 1/4 9:38 0:09 0:11
3 Stars
1 - Ryan Nugent-Hopkins (TRO)
2 - David Fischer (TRO)
3 - Scott Parse (TRO)
Power Play
Harfangs - 1 on 6 Attempt(s) - 16.67%
Thunder - 0 on 7 Attempt(s) - 0.00%
Penalty Kill
Harfangs - 7 on 7 Attempt(s) - 100.00%
- Score 0 goal in Penalty Kill
Thunder - 5 on 6 Attempt(s) - 83.33%
- Score 0 goal in Penalty Kill
Team Stat
Harfangs - Hits : 27 - Faceoff Wins : 32 - Blocked Shots : 8 - Penalty Minutes : 14
Thunder - Hits : 19 - Faceoff Wins : 38 - Blocked Shots : 12 - Penalty Minutes : 12
Official
Referees : Kowal Tom and Walsh Ian
Linesman : Dan Schachte and Pierre Champoux
Game Notes
Cody Eakin is injured at 16:38 of 2nd period (Bruised Left Foot)
Finance
Level 1 -- Attendance: 1497 (74.85%) -- Ticket Income $59,880
Level 2 -- Attendance: 793 (79.30%) -- Ticket Income $15,860
Total Attendance: 2290 (76.33%)
Total Ticket Income: $75,740
Other Income: $3,787
Total Income: $79,527
Harfangs
5 vs 5 Forward
Center Left Wing Right Wing Time % Phy DF OF
1 Cody Eakin Vojtech Polak Tomas Kubalik 40 1 2 2
2 Calle Jarnkrok Dustin Jeffrey Brandon Pirri 30 1 2 2
3 Boone Jenner Brandon Saad Dennis Everberg 20 1 2 2
4 Angelo Esposito Andreas Martinsen Michal Repik 10 1 2 2
5 vs 5 Defense
Defense Defense Time % Phy DF OF
1 Victor Bartley Brian Lashoff 40 1 2 2
2 Nathan Beaulieu Dylan Olsen 30 1 2 2
3 Nick Holden Mark Alt 20 1 2 2
4 Alex Plante Reid McNeill 10 1 2 2
PowerPlay Forward
Center Left Wing Right Wing Time % Phy DF OF
1 Cody Eakin Vojtech Polak Tomas Kubalik 60 1 2 2
2 Calle Jarnkrok Dustin Jeffrey Brandon Pirri 40 1 2 2
PowerPlay Defense
Defense Defense Time % Phy DF OF
1 Victor Bartley Brian Lashoff 60 1 2 2
2 Nathan Beaulieu Dylan Olsen 40 1 2 2
Penalty Kill 4 Players Forward
Center Wing Time % Phy DF OF
1 Cody Eakin Vojtech Polak 60 1 2 2
2 Tomas Kubalik Dustin Jeffrey 40 1 2 2
Penalty Kill 4 Players Defense
Defense Defense Time % Phy DF OF
1 Victor Bartley Brian Lashoff 60 1 2 2
2 Nathan Beaulieu Dylan Olsen 40 1 2 2
Penalty Kill - 3 Players Forward
Forward Time % Phy DF OF
1 Cody Eakin 60 1 2 2
2 Vojtech Polak 40 1 2 2
Penalty Kill - 3 Players Defense
Defense Defense Time % Phy DF OF
1 Victor Bartley Brian Lashoff 60 1 2 2
2 Nathan Beaulieu Dylan Olsen 40 1 2 2
4 vs 4 Forward
Center Wing Time % Phy DF OF
1 Cody Eakin Vojtech Polak 60 1 2 2
2 Tomas Kubalik Dustin Jeffrey 40 1 2 2
4 vs 4 Defense
Defense Defense Time % Phy DF OF
1 Victor Bartley Brian Lashoff 60 1 2 2
2 Nathan Beaulieu Dylan Olsen 40 1 2 2
Last Minutes Offensive
Center Left Wing Right Wing Defense Defense
Cody Eakin Vojtech Polak Tomas Kubalik Victor Bartley Brian Lashoff
Last Minutes Defensive
Center Left Wing Right Wing Defense Defense
Cody Eakin Vojtech Polak Tomas Kubalik Victor Bartley Brian Lashoff
Goaltenders
Starting : Andrew Hammond
Backup : Anton Forsberg
Extra Forwards
Normal : Joel Armia, Sebastian Wannstrom, Cristoval Nieves - PP : Joel Armia, Sebastian Wannstrom - PK : Cristoval Nieves
Extra Defensemen
Normal : Brenden Kichton, Jake Dotchin, Nick Holden - PP : Brenden Kichton - PK : Jake Dotchin, Nick Holden
Penalty Shots
Cody Eakin, Vojtech Polak, Tomas Kubalik, Dustin Jeffrey, Brandon Pirri
Scratches
Colton Sissons (Strained Left Elbow Injury), John Macfarland (Healthy), Jujhar Khaira (Healthy), Brendan Leipsic (Healthy), Jason Kasdorf (Healthy)
Mark Visentin (Healthy), Scott Wedgewood (Healthy)
Thunder
5 vs 5 Forward
Center Left Wing Right Wing Time % Phy DF OF
1 Ryan Nugent-Hopkins Scott Parse Jay Beagle 40 1 2 2
2 Daultan Leveillé Dany Roussin Adam Hall 30 1 2 2
3 Joe Labate Scott Parse Jared Staal 20 1 2 2
4 Zach Stepan David Wolf Thomas Spelling 10 1 2 2
5 vs 5 Defense
Defense Defense Time % Phy DF OF
1 David Fischer Joey Ryan 40 1 2 2
2 Zach Redmond Peter Andersson 30 1 2 2
3 Mikko Vainonen Gianluca Curcuruto 20 1 2 2
4 David Fischer Joey Ryan 10 1 2 2
PowerPlay Forward
Center Left Wing Right Wing Time % Phy DF OF
1 Ryan Nugent-Hopkins Scott Parse David Wolf 60 1 2 2
2 Daultan Leveillé Dany Roussin Adam Hall 40 1 2 2
PowerPlay Defense
Defense Defense Time % Phy DF OF
1 David Fischer Joey Ryan 60 1 2 2
2 Zach Redmond Peter Andersson 40 1 2 2
Penalty Kill 4 Players Forward
Center Wing Time % Phy DF OF
1 Daultan Leveillé Scott Parse 60 1 2 2
2 Adam Hall Dany Roussin 40 1 2 2
Penalty Kill 4 Players Defense
Defense Defense Time % Phy DF OF
1 David Fischer Joey Ryan 60 1 2 2
2 Zach Redmond Peter Andersson 40 1 2 2
Penalty Kill - 3 Players Forward
Forward Time % Phy DF OF
1 Dany Roussin 60 1 2 2
2 Scott Parse 40 1 2 2
Penalty Kill - 3 Players Defense
Defense Defense Time % Phy DF OF
1 David Fischer Joey Ryan 60 1 2 2
2 Zach Redmond Peter Andersson 40 1 2 2
4 vs 4 Forward
Center Wing Time % Phy DF OF
1 Daultan Leveillé Scott Parse 60 1 2 2
2 Adam Hall Dany Roussin 40 1 2 2
4 vs 4 Defense
Defense Defense Time % Phy DF OF
1 David Fischer Joey Ryan 60 1 2 2
2 Zach Redmond Peter Andersson 40 1 2 2
Last Minutes Offensive
Center Left Wing Right Wing Defense Defense
Ryan Nugent-Hopkins Scott Parse Dany Roussin David Fischer Joey Ryan
Last Minutes Defensive
Center Left Wing Right Wing Defense Defense
Daultan Leveillé Scott Parse Dany Roussin David Fischer Joey Ryan
Goaltenders
Starting : Jake Allen
Backup : Connor Hellebyuk
Extra Forwards
Normal : Scott Parse, David Wolf, Jared Staal - PP : Dany Roussin, David Wolf - PK : Jared Staal
Extra Defensemen
Normal : Mikko Vainonen, Gianluca Curcuruto, Zach Redmond - PP : Mikko Vainonen - PK : Gianluca Curcuruto, Zach Redmond
Penalty Shots
Ryan Nugent-Hopkins, Scott Parse, Adam Hall, Dany Roussin, Daultan Leveillé
Scratches
Mike Hoffman (Sprained Right Knee Injury), Devan Dubnyk (Healthy), Niklas Treutle (Healthy)
% Time on Ice - Harfangs
Lines # - Real PCT - Wanted PCT - Time Play
Normal Forward
1 - 31% - 40% - 11:42
2 - 29% - 30% - 10:50
3 - 22% - 20% - 8:08
4 - 17% - 10% - 6:29
Normal Defense
1 - 36% - 40% - 13:18
2 - 29% - 30% - 10:41
3 - 23% - 20% - 8:26
4 - 13% - 10% - 4:44
PP Forward
1 - 56% - 60% - 5:39
2 - 44% - 40% - 4:27
PP Defense
1 - 65% - 60% - 6:36
2 - 35% - 40% - 3:30
PK Forward
1 - 79% - 60% - 9:25
2 - 21% - 40% - 2:30
PK Defense
1 - 59% - 60% - 7:01
2 - 41% - 40% - 4:54
PK3 Forward
1 - 100% - 60% - 1:58
2 - 0% - 40% - 0:00
PK3 Defense
1 - 55% - 60% - 1:05
2 - 45% - 40% - 0:53
44 Forward
1 - 100% - 60% - 3:02
2 - 0% - 40% - 0:00
44 Defense
1 - 54% - 60% - 1:39
2 - 46% - 40% - 1:23
Last Minute Offensive - 0:50
Last Minute Defensive - 0:00
Total
Forward - 65:00
Defense - 65:00
|
% Time on Ice - Thunder
Lines # - Real PCT - Wanted PCT - Time Play
Normal Forward
1 - 31% - 40% - 11:27
2 - 27% - 30% - 9:55
3 - 19% - 20% - 7:00
4 - 24% - 10% - 8:46
Normal Defense
1 - 38% - 40% - 14:02
2 - 35% - 30% - 13:04
3 - 26% - 20% - 9:41
4 - 1% - 10% - 0:21
PP Forward
1 - 53% - 60% - 6:21
2 - 47% - 40% - 5:34
PP Defense
1 - 66% - 60% - 7:50
2 - 34% - 40% - 4:05
PK Forward
1 - 75% - 60% - 7:36
2 - 25% - 40% - 2:30
PK Defense
1 - 58% - 60% - 5:51
2 - 42% - 40% - 4:15
PK3 Forward
1 - 0% - 60%
2 - 0% - 40%
PK3 Defense
1 - 0% - 60%
2 - 0% - 40%
44 Forward
1 - 74% - 60% - 3:41
2 - 26% - 40% - 1:19
44 Defense
1 - 65% - 60% - 3:15
2 - 35% - 40% - 1:45
Last Minute Offensive - 0:00
Last Minute Defensive - 0:51
Total
Forward - 65:00
Defense - 65:00
|
Play by Play
1st period
0:01 of 1st period - Ryan Nugent-Hopkins wins face-off versus Cody Eakin in neutral zone.
0:25 of 1st period - Snap shot by Dennis Everberg.
0:25 of 1st period - Stopped by Jake Allen with a rebound.
0:31 of 1st period - Snap shot by Jay Beagle.
0:31 of 1st period - Shot Misses the Net.
0:33 of 1st period - Wrist shot by Jay Beagle.
0:33 of 1st period - Deflect By Scott Parse.
0:33 of 1st period - Goal by Scott Parse - Harfangs : 0 - Thunder : 1.
0:34 of 1st period - Daultan Leveillé wins face-off versus Brandon Pirri in neutral zone.
0:38 of 1st period - Off-side.
0:39 of 1st period - Calle Jarnkrok wins face-off versus Daultan Leveillé in neutral zone.
0:51 of 1st period - Minor Penalty to Daultan Leveillé for Tripping.
0:52 of 1st period - Jared Staal wins face-off versus Cody Eakin in Thunder zone.
0:52 of 1st period - Jared Staal is hit by Vojtech Polak.
1:19 of 1st period - Joey Ryan is hit by Calle Jarnkrok and loses puck.
2:51 of 1st period - Penalty to Daultan Leveillé is over, Daultan Leveillé is back on ice.
2:51 of 1st period - Zach Redmond is hit by Sebastian Wannstrom and loses puck.
3:12 of 1st period - Michal Repik is hit by Peter Andersson and loses puck.
3:31 of 1st period - Snap shot by Dennis Everberg.
3:31 of 1st period - Stopped by Jake Allen without a rebound.
3:32 of 1st period - Daultan Leveillé wins face-off versus Boone Jenner in Thunder zone.
3:37 of 1st period - Snap shot by Adam Hall.
3:37 of 1st period - Stopped by Andrew Hammond with a rebound.
4:03 of 1st period - Wrist shot by Vojtech Polak.
4:03 of 1st period - Shot Misses the Net.
4:25 of 1st period - Wrist shot by Dustin Jeffrey.
4:25 of 1st period - Shot Misses the Net.
4:51 of 1st period - Minor Penalty to Mark Alt for Slashing.
4:52 of 1st period - Cody Eakin wins face-off versus Daultan Leveillé in Harfangs zone.
5:38 of 1st period - Icing by Daultan Leveillé.
5:39 of 1st period - Cody Eakin wins face-off versus Daultan Leveillé in Thunder zone.
6:45 of 1st period - David Fischer is hit by Brian Lashoff and loses puck.
6:51 of 1st period - Penalty to Mark Alt is over, Mark Alt is back on ice.
6:55 of 1st period - Icing by Victor Bartley.
6:56 of 1st period - Boone Jenner wins face-off versus Joe Labate in Harfangs zone.
7:25 of 1st period - Wrist shot by Michal Repik.
7:25 of 1st period - Shot Misses the Net.
7:27 of 1st period - Slapshot by Andreas Martinsen.
7:27 of 1st period - Stopped by Jake Allen with a rebound.
7:29 of 1st period - Snap shot by Mark Alt.
7:29 of 1st period - Shot Blocked by Scott Parse.
7:31 of 1st period - Slapshot by Mark Alt.
7:31 of 1st period - Stopped by Jake Allen with a rebound.
7:43 of 1st period - Snap shot by Adam Hall.
7:43 of 1st period - Shot Misses the Net.
7:45 of 1st period - Wrist shot by Adam Hall.
7:45 of 1st period - Stopped by Andrew Hammond without a rebound.
7:46 of 1st period - Daultan Leveillé wins face-off versus Cody Eakin in Harfangs zone.
8:31 of 1st period - Wrist shot by Cody Eakin.
8:31 of 1st period - Shot Blocked by Zach Redmond.
8:33 of 1st period - Slapshot by Cody Eakin.
8:33 of 1st period - Shot Blocked by Peter Andersson.
8:35 of 1st period - Snap shot by Tomas Kubalik.
8:35 of 1st period - Shot Misses the Net.
8:37 of 1st period - Slapshot by Victor Bartley.
8:37 of 1st period - Shot Blocked by Thomas Spelling.
8:43 of 1st period - Slapshot by Tomas Kubalik.
8:43 of 1st period - Stopped by Jake Allen without a rebound.
8:44 of 1st period - Calle Jarnkrok wins face-off versus Ryan Nugent-Hopkins in Thunder zone.
8:49 of 1st period - Slapshot by Brandon Pirri.
8:49 of 1st period - Shot Blocked by Scott Parse.
8:51 of 1st period - Wrist shot by Dustin Jeffrey.
8:51 of 1st period - Shot Blocked by Mikko Vainonen.
8:53 of 1st period - Wrist shot by Dustin Jeffrey.
8:53 of 1st period - Stopped by Jake Allen with a rebound.
8:55 of 1st period - Wrist shot by Calle Jarnkrok.
8:55 of 1st period - Stopped by Jake Allen with a rebound.
8:57 of 1st period - Slapshot by Nathan Beaulieu.
8:57 of 1st period - Stopped by Jake Allen without a rebound.
8:58 of 1st period - Daultan Leveillé wins face-off versus Calle Jarnkrok in Thunder zone.
9:03 of 1st period - Brandon Pirri is hit by Daultan Leveillé and loses puck.
9:24 of 1st period - Scott Parse is hit by Boone Jenner and loses puck.
9:47 of 1st period - Slapshot by David Fischer.
9:47 of 1st period - Stopped by Andrew Hammond with a rebound.
9:49 of 1st period - Slapshot by David Fischer.
9:49 of 1st period - Shot Misses the Net.
9:51 of 1st period - Slapshot by Peter Andersson.
9:51 of 1st period - Stopped by Andrew Hammond with a rebound.
9:53 of 1st period - Slapshot by Peter Andersson.
9:53 of 1st period - Stopped by Andrew Hammond without a rebound.
9:54 of 1st period - Ryan Nugent-Hopkins wins face-off versus Cody Eakin in Harfangs zone.
10:08 of 1st period - Off-side.
10:09 of 1st period - Calle Jarnkrok wins face-off versus Daultan Leveillé in neutral zone.
10:30 of 1st period - Dustin Jeffrey is hit by Dany Roussin and loses puck.
10:57 of 1st period - Wrist shot by Brandon Pirri.
10:57 of 1st period - Shot Misses the Net.
10:59 of 1st period - Slapshot by Brian Lashoff.
10:59 of 1st period - Stopped by Jake Allen with a rebound.
11:01 of 1st period - Wrist shot by Dustin Jeffrey.
11:01 of 1st period - Shot Blocked by Daultan Leveillé.
11:37 of 1st period - Dany Roussin is hit by Victor Bartley.
11:43 of 1st period - Dustin Jeffrey is hit by Daultan Leveillé and loses puck.
12:05 of 1st period - Wrist shot by Calle Jarnkrok.
12:05 of 1st period - Stopped by Jake Allen without a rebound.
12:06 of 1st period - Cody Eakin wins face-off versus Ryan Nugent-Hopkins in Thunder zone.
12:32 of 1st period - Dylan Olsen is hit by David Wolf and loses puck.
12:39 of 1st period - Snap shot by David Wolf.
12:39 of 1st period - Goal by David Wolf - Harfangs : 0 - Thunder : 2.
12:40 of 1st period - Ryan Nugent-Hopkins wins face-off versus Cody Eakin in neutral zone.
12:49 of 1st period - Wrist shot by Cody Eakin.
12:49 of 1st period - Stopped by Jake Allen without a rebound.
12:50 of 1st period - Ryan Nugent-Hopkins wins face-off versus Cody Eakin in Thunder zone.
13:20 of 1st period - Slapshot by Vojtech Polak.
13:20 of 1st period - Deflect By Tomas Kubalik.
13:20 of 1st period - Shot Blocked by Ryan Nugent-Hopkins.
13:20 of 1st period - Puck is out of play.
13:21 of 1st period - Boone Jenner wins face-off versus Zach Stepan in Thunder zone.
13:22 of 1st period - Snap shot by Dennis Everberg.
13:22 of 1st period - Stopped by Jake Allen without a rebound.
13:23 of 1st period - Boone Jenner wins face-off versus Zach Stepan in Thunder zone.
13:54 of 1st period - Slapshot by Ryan Nugent-Hopkins.
13:54 of 1st period - Shot Misses the Net.
13:56 of 1st period - Slapshot by David Fischer.
13:56 of 1st period - Stopped by Andrew Hammond with a rebound.
13:58 of 1st period - Wrist shot by Scott Parse.
13:58 of 1st period - Goal by Scott Parse - Harfangs : 0 - Thunder : 3.
13:59 of 1st period - Cody Eakin wins face-off versus Ryan Nugent-Hopkins in neutral zone.
14:19 of 1st period - Minor Penalty to Jay Beagle for Hooking.
14:20 of 1st period - Cody Eakin wins face-off versus Scott Parse in Thunder zone.
14:20 of 1st period - Wrist shot by Tomas Kubalik.
14:20 of 1st period - Stopped by Jake Allen with a rebound.
15:14 of 1st period - Scott Parse is hit by Tomas Kubalik and loses puck.
15:25 of 1st period - Snap shot by Daultan Leveillé.
15:25 of 1st period - Deflect By Dany Roussin.
15:25 of 1st period - Shot Blocked by Brian Lashoff.
15:25 of 1st period - Puck is out of play.
15:26 of 1st period - Adam Hall wins face-off versus Calle Jarnkrok in Harfangs zone.
15:27 of 1st period - Wrist shot by Dany Roussin.
15:27 of 1st period - Stopped by Andrew Hammond with a rebound.
16:19 of 1st period - Penalty to Jay Beagle is over, Jay Beagle is back on ice.
17:07 of 1st period - Slapshot by Adam Hall.
17:07 of 1st period - Stopped by Andrew Hammond with a rebound.
17:18 of 1st period - Icing by Scott Parse.
17:19 of 1st period - Joe Labate wins face-off versus Calle Jarnkrok in Thunder zone.
17:19 of 1st period - Joe Labate is hit by Nick Holden.
17:27 of 1st period - Wrist shot by Brandon Pirri.
17:27 of 1st period - Stopped by Jake Allen without a rebound.
17:28 of 1st period - Ryan Nugent-Hopkins wins face-off versus Cody Eakin in Thunder zone.
17:40 of 1st period - Minor Penalty to Vojtech Polak for Tripping.
17:41 of 1st period - Ryan Nugent-Hopkins wins face-off versus Cody Eakin in Harfangs zone.
17:50 of 1st period - Snap shot by Scott Parse.
17:50 of 1st period - Stopped by Andrew Hammond without a rebound.
17:51 of 1st period - Cody Eakin wins face-off versus Ryan Nugent-Hopkins in Harfangs zone.
18:24 of 1st period - Snap shot by Ryan Nugent-Hopkins.
18:24 of 1st period - Shot Blocked by Cody Eakin.
18:26 of 1st period - Snap shot by Scott Parse.
18:26 of 1st period - Stopped by Andrew Hammond without a rebound.
18:27 of 1st period - Daultan Leveillé wins face-off versus Cody Eakin in Harfangs zone.
18:30 of 1st period - Snap shot by Dany Roussin.
18:30 of 1st period - Stopped by Andrew Hammond with a rebound.
19:40 of 1st period - Penalty to Vojtech Polak is over, Vojtech Polak is back on ice.
19:48 of 1st period - Snap shot by Scott Parse.
19:48 of 1st period - Stopped by Andrew Hammond without a rebound.
19:49 of 1st period - Joe Labate wins face-off versus Boone Jenner in Harfangs zone.
Goals for this period are 0 for Harfangs vs 3 for Thunder.
Shots for this period are 14 for Harfangs vs 15 for Thunder.
2nd period
0:01 of 2nd period - Cody Eakin wins face-off versus Ryan Nugent-Hopkins in neutral zone.
0:06 of 2nd period - Slapshot by Cody Eakin.
0:06 of 2nd period - Deflect By Vojtech Polak.
0:06 of 2nd period - Shot Misses the Net.
0:06 of 2nd period - Puck is out of play.
0:07 of 2nd period - Cody Eakin wins face-off versus Ryan Nugent-Hopkins in Thunder zone.
0:12 of 2nd period - Snap shot by Tomas Kubalik.
0:12 of 2nd period - Shot Misses the Net.
0:14 of 2nd period - Snap shot by Vojtech Polak.
0:14 of 2nd period - Stopped by Jake Allen without a rebound.
0:15 of 2nd period - Ryan Nugent-Hopkins wins face-off versus Cody Eakin in Thunder zone.
0:17 of 2nd period - Minor Penalty to Scott Parse for Holding.
0:18 of 2nd period - Cody Eakin wins face-off versus Daultan Leveillé in Thunder zone.
0:34 of 2nd period - Daultan Leveillé is hit by Cody Eakin and loses puck.
0:45 of 2nd period - David Fischer is hit by Brandon Pirri and loses puck.
0:50 of 2nd period - Wrist shot by Dustin Jeffrey.
0:50 of 2nd period - Shot Misses the Net.
0:52 of 2nd period - Slapshot by Victor Bartley.
0:52 of 2nd period - Shot Blocked by David Fischer.
2:17 of 2nd period - Penalty to Scott Parse is over, Scott Parse is back on ice.
3:19 of 2nd period - Nick Holden is hit by Scott Parse and loses puck.
3:42 of 2nd period - Slapshot by Daultan Leveillé.
3:42 of 2nd period - Stopped by Andrew Hammond with a rebound.
3:56 of 2nd period - Calle Jarnkrok is hit by Ryan Nugent-Hopkins and loses puck.
4:11 of 2nd period - Snap shot by Tomas Kubalik.
4:11 of 2nd period - Stopped by Jake Allen with a rebound.
4:41 of 2nd period - Jared Staal is hit by Vojtech Polak and loses puck.
4:54 of 2nd period - Wrist shot by Michal Repik.
4:54 of 2nd period - Stopped by Jake Allen with a rebound.
5:14 of 2nd period - Jared Staal is hit by Boone Jenner and loses puck.
5:30 of 2nd period - Tomas Kubalik is hit by Joey Ryan and loses puck.
5:53 of 2nd period - Icing by Victor Bartley.
5:54 of 2nd period - Ryan Nugent-Hopkins wins face-off versus Andreas Martinsen in Harfangs zone.
6:01 of 2nd period - Wrist shot by Scott Parse.
6:01 of 2nd period - Shot Misses the Net.
6:13 of 2nd period - Snap shot by Michal Repik.
6:13 of 2nd period - Stopped by Jake Allen without a rebound.
6:14 of 2nd period - Cody Eakin wins face-off versus Daultan Leveillé in Thunder zone.
6:15 of 2nd period - Wrist shot by Vojtech Polak.
6:15 of 2nd period - Stopped by Jake Allen without a rebound.
6:16 of 2nd period - Ryan Nugent-Hopkins wins face-off versus Cody Eakin in Thunder zone.
6:16 of 2nd period - Ryan Nugent-Hopkins is hit by Cody Eakin.
6:19 of 2nd period - Minor Penalty to Zach Redmond for Delaying the game.
6:20 of 2nd period - Daultan Leveillé wins face-off versus Cody Eakin in Thunder zone.
6:30 of 2nd period - Wrist shot by Vojtech Polak.
6:30 of 2nd period - Goal by Vojtech Polak - Harfangs : 1 - Thunder : 3.
6:31 of 2nd period - Cody Eakin wins face-off versus Scott Parse in neutral zone.
7:00 of 2nd period - Wrist shot by Dennis Everberg.
7:00 of 2nd period - Stopped by Jake Allen without a rebound.
7:01 of 2nd period - Daultan Leveillé wins face-off versus Brandon Saad in Thunder zone.
7:14 of 2nd period - Slapshot by Adam Hall.
7:14 of 2nd period - Deflect By Daultan Leveillé.
7:14 of 2nd period - Stopped by Andrew Hammond with a rebound.
7:16 of 2nd period - Slapshot by Peter Andersson.
7:16 of 2nd period - Shot Blocked by Brandon Saad.
7:48 of 2nd period - David Fischer is hit by Dustin Jeffrey and loses puck.
8:23 of 2nd period - Snap shot by Nathan Beaulieu.
8:23 of 2nd period - Shot Misses the Net.
8:25 of 2nd period - Snap shot by Calle Jarnkrok.
8:25 of 2nd period - Shot Misses the Net.
8:27 of 2nd period - Snap shot by Brandon Pirri.
8:27 of 2nd period - Shot Misses the Net.
8:29 of 2nd period - Slapshot by Nathan Beaulieu.
8:29 of 2nd period - Stopped by Jake Allen without a rebound.
8:30 of 2nd period - Daultan Leveillé wins face-off versus Cody Eakin in Thunder zone.
8:34 of 2nd period - Off-side.
8:35 of 2nd period - Daultan Leveillé wins face-off versus Cody Eakin in neutral zone.
8:38 of 2nd period - Brian Lashoff is hit by Adam Hall and loses puck.
9:04 of 2nd period - Snap shot by Boone Jenner.
9:04 of 2nd period - Shot Misses the Net.
9:06 of 2nd period - Slapshot by Brian Lashoff.
9:06 of 2nd period - Stopped by Jake Allen without a rebound.
9:07 of 2nd period - Ryan Nugent-Hopkins wins face-off versus Cody Eakin in Thunder zone.
9:21 of 2nd period - Wrist shot by Cody Eakin.
9:21 of 2nd period - Stopped by Jake Allen with a rebound.
9:23 of 2nd period - Slapshot by Mark Alt.
9:23 of 2nd period - Shot Misses the Net.
9:29 of 2nd period - Minor Penalty to Zach Redmond for High sticking.
9:30 of 2nd period - Daultan Leveillé wins face-off versus Cody Eakin in Thunder zone.
10:31 of 2nd period - Peter Andersson is hit by Tomas Kubalik and loses puck.
10:46 of 2nd period - Peter Andersson is hit by Dustin Jeffrey and loses puck.
11:29 of 2nd period - Penalty to Zach Redmond is over, Zach Redmond is back on ice.
13:37 of 2nd period - Wrist shot by Thomas Spelling.
13:37 of 2nd period - Stopped by Andrew Hammond with a rebound.
13:39 of 2nd period - Slapshot by Zach Redmond.
13:39 of 2nd period - Shot Misses the Net.
14:43 of 2nd period - Nick Holden is hit by David Wolf and loses puck.
15:33 of 2nd period - Peter Andersson is hit by Brandon Pirri and loses puck.
15:50 of 2nd period - Zach Redmond is hit by Brian Lashoff and loses puck.
16:36 of 2nd period - Minor Penalty to Calle Jarnkrok for Interference.
16:37 of 2nd period - Cody Eakin wins face-off versus Daultan Leveillé in Harfangs zone.
16:37 of 2nd period - Cody Eakin is hit by Daultan Leveillé.
16:38 of 2nd period - Cody Eakin from Harfangs is injured at 16:38 of 2nd period (Bruised Left Foot).
16:39 of 2nd period - Ryan Nugent-Hopkins wins face-off versus Cristoval Nieves in Harfangs zone.
17:39 of 2nd period - Zach Redmond is hit by Boone Jenner and loses puck.
18:36 of 2nd period - Penalty to Calle Jarnkrok is over, Calle Jarnkrok is back on ice.
18:47 of 2nd period - Minor Penalty to Brandon Pirri for Hooking.
18:48 of 2nd period - Ryan Nugent-Hopkins wins face-off versus Cristoval Nieves in Harfangs zone.
18:53 of 2nd period - Snap shot by Scott Parse.
18:53 of 2nd period - Shot Misses the Net.
18:55 of 2nd period - Snap shot by Scott Parse.
18:55 of 2nd period - Shot Blocked by Dylan Olsen.
19:39 of 2nd period - David Fischer is hit by Andreas Martinsen and loses puck.
Goals for this period are 1 for Harfangs vs 0 for Thunder.
Shots for this period are 10 for Harfangs vs 3 for Thunder.
3rd period
0:01 of 3rd period - Cristoval Nieves wins face-off versus Ryan Nugent-Hopkins in neutral zone.
0:47 of 3rd period - Penalty to Brandon Pirri is over, Brandon Pirri is back on ice.
0:55 of 3rd period - Snap shot by Dennis Everberg.
0:55 of 3rd period - Goal by Dennis Everberg - Harfangs : 2 - Thunder : 3.
0:56 of 3rd period - Jay Beagle wins face-off versus Joel Armia in neutral zone.
3:55 of 3rd period - Snap shot by Nathan Beaulieu.
3:55 of 3rd period - Shot Blocked by Peter Andersson.
4:23 of 3rd period - Snap shot by Dustin Jeffrey.
4:23 of 3rd period - Stopped by Jake Allen with a rebound.
5:12 of 3rd period - Jared Staal is hit by Brandon Saad and loses puck.
5:53 of 3rd period - Icing by Scott Parse.
5:54 of 3rd period - Ryan Nugent-Hopkins wins face-off versus Calle Jarnkrok in Thunder zone.
5:54 of 3rd period - Ryan Nugent-Hopkins is hit by Calle Jarnkrok.
6:17 of 3rd period - Slapshot by Tomas Kubalik.
6:17 of 3rd period - Stopped by Jake Allen with a rebound.
6:19 of 3rd period - Wrist shot by Nathan Beaulieu.
6:19 of 3rd period - Stopped by Jake Allen without a rebound.
6:20 of 3rd period - Zach Stepan wins face-off versus Tomas Kubalik in Thunder zone.
6:27 of 3rd period - Brian Lashoff is hit by Zach Stepan and loses puck.
6:48 of 3rd period - Slapshot by Joey Ryan.
6:48 of 3rd period - Stopped by Andrew Hammond without a rebound.
6:49 of 3rd period - Calle Jarnkrok wins face-off versus Ryan Nugent-Hopkins in Harfangs zone.
6:59 of 3rd period - Minor Penalty to Calle Jarnkrok for Interference.
7:00 of 3rd period - Cristoval Nieves wins face-off versus Ryan Nugent-Hopkins in Harfangs zone.
7:26 of 3rd period - Joey Ryan is hit by Victor Bartley.
8:59 of 3rd period - Penalty to Calle Jarnkrok is over, Calle Jarnkrok is back on ice.
10:17 of 3rd period - Icing by Vojtech Polak.
10:18 of 3rd period - Boone Jenner wins face-off versus Joe Labate in Harfangs zone.
10:18 of 3rd period - Boone Jenner is hit by Mikko Vainonen.
10:38 of 3rd period - Brandon Pirri is hit by Gianluca Curcuruto and loses puck.
10:53 of 3rd period - Snap shot by Ryan Nugent-Hopkins.
10:53 of 3rd period - Stopped by Andrew Hammond with a rebound.
11:05 of 3rd period - Snap shot by David Wolf.
11:05 of 3rd period - Shot Blocked by Alex Plante.
11:35 of 3rd period - Wrist shot by Joey Ryan.
11:35 of 3rd period - Stopped by Andrew Hammond with a rebound.
11:59 of 3rd period - Backhand shot by Calle Jarnkrok.
11:59 of 3rd period - Shot Misses the Net.
12:09 of 3rd period - Snap shot by Brandon Pirri.
12:09 of 3rd period - Goal by Brandon Pirri - Harfangs : 3 - Thunder : 3.
12:10 of 3rd period - Ryan Nugent-Hopkins wins face-off versus Joel Armia in neutral zone.
12:21 of 3rd period - Snap shot by Ryan Nugent-Hopkins.
12:21 of 3rd period - Stopped by Andrew Hammond with a rebound.
12:23 of 3rd period - Snap shot by Ryan Nugent-Hopkins.
12:23 of 3rd period - Stopped by Andrew Hammond with a rebound.
12:25 of 3rd period - Slapshot by Jay Beagle.
12:25 of 3rd period - Shot Misses the Net.
12:37 of 3rd period - Zach Redmond is hit by Victor Bartley and loses puck.
12:56 of 3rd period - Slapshot by Dylan Olsen.
12:56 of 3rd period - Deflect By Andreas Martinsen.
12:56 of 3rd period - Shot Blocked by Gianluca Curcuruto.
12:56 of 3rd period - Puck is out of play.
12:57 of 3rd period - Angelo Esposito wins face-off versus Joe Labate in Thunder zone.
13:06 of 3rd period - Snap shot by Michal Repik.
13:06 of 3rd period - Shot Misses the Net.
13:08 of 3rd period - Slapshot by Brian Lashoff.
13:08 of 3rd period - Stopped by Jake Allen without a rebound.
13:09 of 3rd period - Joel Armia wins face-off versus Ryan Nugent-Hopkins in Thunder zone.
13:20 of 3rd period - Wrist shot by Ryan Nugent-Hopkins.
13:20 of 3rd period - Goal by Ryan Nugent-Hopkins - Harfangs : 3 - Thunder : 4.
13:21 of 3rd period - Ryan Nugent-Hopkins wins face-off versus Joel Armia in neutral zone.
13:26 of 3rd period - Snap shot by Scott Parse.
13:26 of 3rd period - Stopped by Andrew Hammond with a rebound.
13:46 of 3rd period - Vojtech Polak is hit by Daultan Leveillé and loses puck.
14:04 of 3rd period - Snap shot by Dylan Olsen.
14:04 of 3rd period - Stopped by Jake Allen with a rebound.
14:06 of 3rd period - Snap shot by Nathan Beaulieu.
14:06 of 3rd period - Stopped by Jake Allen without a rebound.
14:07 of 3rd period - Calle Jarnkrok wins face-off versus Zach Stepan in Thunder zone.
14:23 of 3rd period - Minor Penalty to Zach Stepan for Hooking.
14:24 of 3rd period - Joel Armia wins face-off versus Daultan Leveillé in Thunder zone.
14:32 of 3rd period - Wrist shot by Tomas Kubalik.
14:32 of 3rd period - Shot Misses the Net.
15:14 of 3rd period - Tomas Kubalik is hit by Dany Roussin and loses puck.
16:23 of 3rd period - Penalty to Zach Stepan is over, Zach Stepan is back on ice.
16:54 of 3rd period - Minor Penalty to Andreas Martinsen for Hooking.
16:55 of 3rd period - Cristoval Nieves wins face-off versus Ryan Nugent-Hopkins in Harfangs zone.
17:31 of 3rd period - Snap shot by Zach Redmond.
17:31 of 3rd period - Stopped by Andrew Hammond without a rebound.
17:32 of 3rd period - Daultan Leveillé wins face-off versus Tomas Kubalik in Harfangs zone.
17:35 of 3rd period - Snap shot by Adam Hall.
17:35 of 3rd period - Shot Blocked by Dustin Jeffrey.
17:37 of 3rd period - Backhand shot by Adam Hall.
17:37 of 3rd period - Shot Blocked by Nathan Beaulieu.
17:39 of 3rd period - Snap shot by Dany Roussin.
17:39 of 3rd period - Stopped by Andrew Hammond with a rebound.
17:41 of 3rd period - Snap shot by Daultan Leveillé.
17:41 of 3rd period - Shot Blocked by Nathan Beaulieu.
17:43 of 3rd period - Slapshot by Joey Ryan.
17:43 of 3rd period - Deflect By Adam Hall.
17:43 of 3rd period - Shot Misses the Net.
17:43 of 3rd period - Puck is out of play.
17:44 of 3rd period - Ryan Nugent-Hopkins wins face-off versus Cristoval Nieves in Harfangs zone.
17:45 of 3rd period - Snap shot by Scott Parse.
17:45 of 3rd period - Stopped by Andrew Hammond without a rebound.
17:46 of 3rd period - Ryan Nugent-Hopkins wins face-off versus Cristoval Nieves in Harfangs zone.
17:47 of 3rd period - Slapshot by Scott Parse.
17:47 of 3rd period - Stopped by Andrew Hammond without a rebound.
17:48 of 3rd period - Ryan Nugent-Hopkins wins face-off versus Cristoval Nieves in Harfangs zone.
18:13 of 3rd period - Slapshot by Vojtech Polak.
18:13 of 3rd period - Shot Misses the Net.
18:54 of 3rd period - Penalty to Andreas Martinsen is over, Andreas Martinsen is back on ice.
18:56 of 3rd period - Cristoval Nieves is hit by Daultan Leveillé and loses puck.
19:07 of 3rd period - Harfangs, Andrew Hammond is pulled from the net.
19:09 of 3rd period - Wrist shot by Tomas Kubalik.
19:09 of 3rd period - Stopped by Jake Allen with a rebound.
19:11 of 3rd period - Slapshot by Dylan Olsen.
19:11 of 3rd period - Stopped by Jake Allen without a rebound.
19:12 of 3rd period - Rick Tocchet call a timeout for Harfangs.
19:12 of 3rd period - Daultan Leveillé wins face-off versus Joel Armia in Thunder zone.
19:41 of 3rd period - Wrist shot by Tomas Kubalik.
19:41 of 3rd period - Deflect By Joel Armia.
19:41 of 3rd period - Stopped by Jake Allen with a rebound.
19:43 of 3rd period - Snap shot by Tomas Kubalik.
19:43 of 3rd period - Stopped by Jake Allen without a rebound.
19:44 of 3rd period - Joel Armia wins face-off versus Daultan Leveillé in Thunder zone.
19:49 of 3rd period - Wrist shot by Vojtech Polak.
19:49 of 3rd period - Stopped by Jake Allen with a rebound.
19:51 of 3rd period - Snap shot by Victor Bartley.
19:51 of 3rd period - Goal by Victor Bartley - Harfangs : 4 - Thunder : 4.
19:51 of 3rd period - Andrew Hammond from Harfangs was sent back in the game.
19:52 of 3rd period - Boone Jenner wins face-off versus Joe Labate in neutral zone.
19:58 of 3rd period - Minor Penalty to Brandon Saad for Cross-checking.
19:59 of 3rd period - Cristoval Nieves wins face-off versus Ryan Nugent-Hopkins in Harfangs zone.
19:59 of 3rd period - Cristoval Nieves is hit by David Fischer.
Goals for this period are 3 for Harfangs vs 1 for Thunder.
Shots for this period are 14 for Harfangs vs 11 for Thunder.
Overtime #1
0:01 of 1st overtime period - Cristoval Nieves wins face-off versus Daultan Leveillé in neutral zone.
0:03 of 1st overtime period - Off-side.
0:04 of 1st overtime period - Daultan Leveillé wins face-off versus Cristoval Nieves in neutral zone.
0:32 of 1st overtime period - Icing by David Fischer.
0:33 of 1st overtime period - Boone Jenner wins face-off versus Daultan Leveillé in Thunder zone.
0:40 of 1st overtime period - Slapshot by Nathan Beaulieu.
0:40 of 1st overtime period - Stopped by Jake Allen with a rebound.
1:58 of 1st overtime period - Penalty to Brandon Saad is over, Brandon Saad is back on ice.
2:03 of 1st overtime period - Adam Hall is hit by Victor Bartley and loses puck.
2:10 of 1st overtime period - Slapshot by Victor Bartley.
2:10 of 1st overtime period - Stopped by Jake Allen with a rebound.
2:12 of 1st overtime period - Snap shot by Victor Bartley.
2:12 of 1st overtime period - Shot Blocked by Joey Ryan.
2:20 of 1st overtime period - Snap shot by Adam Hall.
2:20 of 1st overtime period - Stopped by Andrew Hammond without a rebound.
2:21 of 1st overtime period - Daultan Leveillé wins face-off versus Joel Armia in Harfangs zone.
2:30 of 1st overtime period - Peter Andersson is hit by Victor Bartley and loses puck.
2:47 of 1st overtime period - Dylan Olsen is hit by David Wolf and loses puck.
4:34 of 1st overtime period - Dany Roussin is hit by Cristoval Nieves and loses puck.
Goals for this period are 0 for Harfangs vs 0 for Thunder.
Shots for this period are 2 for Harfangs vs 1 for Thunder.
ShootOut
5:00 of 1st overtime period - Penalty Shot by Dustin Jeffrey for Harfangs.
5:00 of 1st overtime period - Deke by Dustin Jeffrey.
5:00 of 1st overtime period - Stopped by Jake Allen.
5:00 of 1st overtime period - Penalty Shot by Ryan Nugent-Hopkins for Thunder.
5:00 of 1st overtime period - Snap shot by Ryan Nugent-Hopkins.
5:00 of 1st overtime period - Stopped by Andrew Hammond.
5:00 of 1st overtime period - Penalty Shot by Vojtech Polak for Harfangs.
5:00 of 1st overtime period - Deke by Vojtech Polak.
5:00 of 1st overtime period - Stopped by Jake Allen.
5:00 of 1st overtime period - Penalty Shot by Scott Parse for Thunder.
5:00 of 1st overtime period - Wrist shot by Scott Parse.
5:00 of 1st overtime period - Stopped by Andrew Hammond.
5:00 of 1st overtime period - Penalty Shot by Tomas Kubalik for Harfangs.
5:00 of 1st overtime period - Wrist shot by Tomas Kubalik.
5:00 of 1st overtime period - Goal by Tomas Kubalik.
5:00 of 1st overtime period - Penalty Shot by Adam Hall for Thunder.
5:00 of 1st overtime period - Wrist shot by Adam Hall.
5:00 of 1st overtime period - Goal by Adam Hall.
5:00 of 1st overtime period - Penalty Shot by Michal Repik for Harfangs.
5:00 of 1st overtime period - Snap shot by Michal Repik.
5:00 of 1st overtime period - Stopped by Jake Allen.
5:00 of 1st overtime period - Penalty Shot by Dany Roussin for Thunder.
5:00 of 1st overtime period - Deke by Dany Roussin.
5:00 of 1st overtime period - Stopped by Andrew Hammond.
5:00 of 1st overtime period - Penalty Shot by Brandon Pirri for Harfangs.
5:00 of 1st overtime period - Wrist shot by Brandon Pirri.
5:00 of 1st overtime period - Goal by Brandon Pirri.
5:00 of 1st overtime period - Penalty Shot by Daultan Leveillé for Thunder.
5:00 of 1st overtime period - Deke by Daultan Leveillé.
5:00 of 1st overtime period - Goal by Daultan Leveillé.
5:00 of 1st overtime period - Penalty Shot by Boone Jenner for Harfangs.
5:00 of 1st overtime period - Deke by Boone Jenner.
5:00 of 1st overtime period - Stopped by Jake Allen.
5:00 of 1st overtime period - Penalty Shot by Jay Beagle for Thunder.
5:00 of 1st overtime period - Wrist shot by Jay Beagle.
5:00 of 1st overtime period - Stopped by Andrew Hammond.
5:00 of 1st overtime period - Penalty Shot by Angelo Esposito for Harfangs.
5:00 of 1st overtime period - Snap shot by Angelo Esposito.
5:00 of 1st overtime period - Stopped by Jake Allen.
5:00 of 1st overtime period - Penalty Shot by Thomas Spelling for Thunder.
5:00 of 1st overtime period - Wrist shot by Thomas Spelling.
5:00 of 1st overtime period - Stopped by Andrew Hammond.
5:00 of 1st overtime period - Penalty Shot by Victor Bartley for Harfangs.
5:00 of 1st overtime period - Deke by Victor Bartley.
5:00 of 1st overtime period - Shot Misses the Net.
5:00 of 1st overtime period - Penalty Shot by Joey Ryan for Thunder.
5:00 of 1st overtime period - Deke by Joey Ryan.
5:00 of 1st overtime period - Shot Misses the Net.
5:00 of 1st overtime period - Penalty Shot by Dennis Everberg for Harfangs.
5:00 of 1st overtime period - Snap shot by Dennis Everberg.
5:00 of 1st overtime period - Stopped by Jake Allen.
5:00 of 1st overtime period - Penalty Shot by David Fischer for Thunder.
5:00 of 1st overtime period - Deke by David Fischer.
5:00 of 1st overtime period - Goal by David Fischer.
Back to the Top